Map: Catalyst LE

Players

uncommon

  • Race: Zerg Zerg
  • Spawn Location: 5:00

Zanster - Winner!

  • Race: Zerg Zerg
  • League: Master
  • Spawn Location: 11:00

Event: WCS Austin 2018

VOD

Have the link to the VOD?

Description

Time

  • Played on: June 1, 2018, 2:17 p.m.
  • Length: 4:04

All games in this series

Show
View Real Time Build Order
Export as new Build Order

uncommon Zerg 

Build Orders: Pool Only 

Get SALT Encoding   

  12  0:01  Drone  
  13  0:09  Drone  
  14  0:17  Drone, Extractor  
  14  0:33  Spawning Pool  
  13  0:36  Drone  
  14  0:45  Overlord  
  14  1:19  Queen, Zergling x6  
  14  1:25  Metabolic Boost  
  19  1:30  Zergling x2  
  20  1:41  Zergling x2  
  21  1:52  Zergling x2  
  22  2:04  Overlord  
  22  2:10  Baneling Nest  
  22  2:15  Zergling x2  
  21  2:29  Zergling x8  
  22  2:38  Zergling x2  
  22  3:02  Baneling  
  22  3:03  Baneling x4  
  22  3:06  Zergling x4  
  22  3:12  Zergling x6  
  25  3:25  Zergling x4  
  26  3:37  Zergling x2  
Show
View Real Time Build Order
Export as new Build Order

Zanster Zerg - Winner!

Build Orders: Pool First 

Get SALT Encoding   

  12  0:01  Drone  
  13  0:12  Overlord  
  13  0:17  Drone  
  14  0:31  Drone  
  14  0:32  Drone  
  14  0:34  Drone  
  17  0:45  Spawning Pool  
  17  0:48  Drone  
  17  0:56  Drone  
  18  1:04  Extractor  
  17  1:07  Drone  
  18  1:17  Hatchery  
  17  1:32  Zergling x4  
  19  1:33  Queen  
  19  1:39  Zergling x2  
  22  1:52  Overlord  
  22  1:59  Spine Crawler  
  22  2:01  Zergling x2  
  22  2:09  Metabolic Boost  
  22  2:14  Queen  
  24  2:25  Zergling x4  
  25  2:33  Zergling x2  
  25  2:34  Zergling x2  
  25  2:42  Zergling x4  
  27  2:46  Zergling x6  
  27  2:51  Zergling x2  
  31  3:05  Overlord, Queen  
  31  3:10  Zergling x2  
  31  3:11  Zergling x2  
  32  3:14  Zergling x2  
  30  3:27  Zergling x8  
  34  3:40  Zergling x2  
  34  3:41  Zergling x6  
Tags
 
Add a new tag
Caveats
  • Supply blocks, unpowered buildings, or Contaminate may cause inaccurate times.
  • Supply counts are checked every 10 seconds.